 Dungeon Crawl Stone Soup version 0.28-a0-580-ga2639ab843 (webtiles) character file.

Game seed: 15216919482395992760

16 kipponium the Bolt Thrower (level 2, -3/22 HPs)
             Began as a Formicid Hunter on Oct 2, 2021.
             Slain by a kobold (12 damage)
             ... on level 1 of the Dungeon.
             The game lasted 00:03:01 (458 turns).

kipponium the Bolt Thrower (Formicid Hunter)         Turns: 458, Time: 00:03:02

Health: -3/22      AC:  5    Str: 16    XL:     2   Next: 70%
Magic:  2/2        EV: 10    Int: 10    God:
Gold:   10         SH:  0    Dex: 11    Spells: 1/1 levels left

rFire   . . .      SeeInvis +   g - +0 whip
rCold   . . .      Faith    .   (no shield)
rNeg    . . .      Spirit   .   h - +0 ring mail
rPois   .          Reflect  .   (helmet unavailable)
rElec   .          Harm     .   (no cloak)
rCorr   .          Rampage  .   (no gloves)
Will    .....                   (no boots)
Stlth   +.........              (no amulet)
HPRegen 0.07/turn               (no ring)
MPRegen 0.08/turn               (no ring)

@: no status effects
A: permanent stasis, dig shafts and tunnels, antennae 3, four strong arms
a: Dig, Shaft Self


You were on level 1 of the Dungeon.
You visited 1 branch of the dungeon, and saw 1 of its levels.

You collected 10 gold pieces.

Inventory:

Hand Weapons
 a - a +1 hand crossbow
 b - a +0 short sword
 g - a +0 whip (weapon)
Missiles
 d - 14 bolts
Armour
 c - a +0 leather armour
 h - a +0 ring mail (worn)
Potions
 e - a potion of heal wounds {unknown}
 f - a potion of magic {unknown}


   Skills:
 - Level 2.1 Fighting
 - Level 4.6 Crossbows
 + Level 0.1 Throwing
 - Level 1.7 Dodging
 - Level 1.2 Stealth


You had one spell level left.
You didn't know any spells.
Your spell library was empty.

Dungeon Overview and Level Annotations

Branches:
Dungeon (1/15)

Altars:


Innate Abilities, Weirdness & Mutations

You cannot be hasted, slowed, berserked, paralysed or teleported.
You can dig through walls and to a lower floor.
You have a pair of large antennae on your head. (SInv)
Your four strong arms can wield two-handed weapons with a shield.


Message History

Things that are here:
a +0 whip; 3 stones; a kobold corpse
g - a +0 whip
d - 11 bolts (gained 1)
d - 12 bolts (gained 1)
You see here a +0 dagger.
d - 13 bolts (gained 1)
d - 14 bolts (gained 1)
Okay, then.
g - a +0 whip (weapon)
Found a ring mail.
You see here a +0 ring mail.
h - a +0 ring mail You start removing your armour.
You continue taking off your +0 leather armour. x4
You finish taking off your +0 leather armour.
You start putting on your armour.
You continue putting on your +0 ring mail. x5
You finish putting on your +0 ring mail.
You sense a monster nearby.
A bat comes into view.
The bat closely misses you. The bat hits you but does no damage.
You barely miss the bat. The bat hits you but does no damage.
The bat barely misses you. The bat barely misses you.
You hit the bat.
You kill the bat!
You now have 10 gold pieces.
You see here a rat skeleton.
A kobold comes into view.
It is wielding a +1 dagger of electrocution.
The kobold shouts!
A giant cockroach comes into view.
You see here a rat skeleton.
You barely miss the kobold. The kobold hits you but does no damage.
You are electrocuted!
You miss the kobold.
The kobold hits you with a +1 dagger of electrocution.
You are electrocuted!
Ouch! That really hurt!
You die...

...........#.....######....#..###
...........#.#........#....#.....
...........#.#.##.###.#.####...##
......)....#....#.#..............
...........###..#.#........##....
.......(...# ####..........+.....
...........# ###........####..
...........########.######.......
........#.....BK@...# #.......
..#....†......####### #.......
..#...........# ######....... .
#...........# #............
#####....#### #............
#....# #........#### #....#
#........# #....# ##########
....^.##


You could see a giant cockroach and a kobold.

Vanquished Creatures
  A dart slug (D:1)
  A ball python (D:1)
  3 bats (D:1)
  2 endoplasms (D:1)
  A goblin (D:1)
  A hobgoblin (D:1)
  2 kobolds (D:1)
  2 rats (D:1)
13 creatures vanquished.

Notes
Turn   | Place    | Note
-------+----------+-------------------------------------------
     0 | D:1      | kipponium the Formicid Hunter began the quest for the Orb.
     0 | D:1      | Reached XP level 1. HP: 16/16 MP: 1/1
   136 | D:1      | Reached XP level 2. HP: 21/22 MP: 2/2
   458 | D:1      | Slain by a kobold

Illustrated notes

Levels and vault maps discovered:
D:1:      nicolae_arrival_memento_mori, layout_basic,
          hellmonk_ecumenical_altar_crossroads

Action                   || total
-------------------------++-------
Melee: Whip              ||     4
 Fire: Hand crossbow     ||    27
Armor: Leather armour    ||     2
       Ring mail         ||     3
Dodge: Dodged            ||     9

Table legend: (Time is in decaauts)
 A = Elapsed time spent in this place.
 B = Non-inter-level travel time spent in this place.
 C = Inter-level travel time spent in this place.
 D = Time resting spent in this place.
 E = Time spent auto-exploring this place.
 F = Levels seen in this place.
 G = Mean time per level.
                   A        B        C        D        E       F      G
               +--------+--------+--------+--------+--------+-----+--------+
         Total |    465 |    459 |      6 |    108 |    175 |   1 |  465.0 |
       Dungeon |    465 |    459 |      6 |    108 |    175 |   1 |  465.0 |
               +--------+--------+--------+--------+--------+-----+--------+

Top non-repeatable levels by time:
     D:1: 465 daAuts
